 Dungeon Crawl Stone Soup version 0.19-a0-957-gf4ea323 (webtiles) character file.

332 George the Slasher (level 6, -6/44 HPs)
             Began as a Demonspawn Gladiator on July 10, 2016.
             Mangled by an ogre
             ... wielding a +0 giant club
              (23 damage)
             ... on level 5 of the Dungeon.
             The game lasted 00:04:47 (4138 turns).

George the Slasher (Demonspawn Gladiator)           Turns: 4138, Time: 00:04:48

Health: -6/44      AC: 10    Str: 17    XL:     6   Next: 26%
Magic:  6/6        EV:  7    Int:  9    God:
Gold:   233        SH:  0    Dex: 14    Spells: 0 memorised, 5 levels left

rFire  + . .     SeeInvis .     a - +0 long sword
rCold  . . .     Gourm    .     s - +0 chain mail
rNeg   . . .     Faith    .     (no shield)
rPois  .         Spirit   .     (helmet restricted)
rElec  .         Dismiss  .     (no cloak)
rCorr  .         Reflect  .     t - +1 pair of gloves
SustAt .         Harm     .     (no boots)
MR     .....                    (no amulet)
Stlth  ..........               y - ring of protection from fire
                                q - ring of flight

@: not resistant to hostile enchantments, extremely unstealthy
A: horns 1, powered by death 1, rot immunity
a: Evoke Flight


You were on level 5 of the Dungeon.
You were hungry.

You visited 1 branch of the dungeon, and saw 5 of its levels.

You collected 233 gold pieces.

Inventory:

Hand Weapons
 a - a +0 long sword (weapon)
Missiles
 d - 3 throwing nets (quivered)
Armour
 s - a +0 chain mail (worn)
 t - a +1 pair of gloves (worn)
Jewellery
 q - a ring of flight (left hand)
 y - a ring of protection from fire (right hand)
Scrolls
 h - 2 scrolls of magic mapping {unknown}
 j - a scroll of recharging {unknown}
 o - a scroll of identify {unknown}
 w - a scroll of enchant weapon {unknown}
 A - a scroll of remove curse {unknown}
 B - 2 scrolls of teleportation {unknown}
 C - a scroll of blinking {unknown}
Potions
 i - 2 potions of curing {unknown}
 k - a potion of ambrosia {unknown}
 l - a potion of degeneration {unknown}
 u - a potion of might {unknown}
 v - a potion of invisibility {unknown}
 z - 2 potions of resistance {unknown}
Comestibles
 f - 6 bread rations
 g - a meat ration
 m - 2 beef jerkies


   Skills:
 - Level 2.0 Fighting
 + Level 6.5 Long Blades
 - Level 1.7 Throwing
 - Level 2.6 Dodging


You had 5 spell levels left.
You didn't know any spells.

Dungeon Overview and Level Annotations

Branches:
Dungeon (5/15)
 Temple: D:4-7

Altars:
Makhleb
Okawaru
Trog


Innate Abilities, Weirdness & Mutations

You have a pair of small horns on your head.
You regenerate a little health from kills.
You are immune to rotting.


Message History

The scorpion stings you but does no damage.
You closely miss the scorpion.
The scorpion is almost dead.
The scorpion stings you but does no damage.
You hit the scorpion.
You kill the scorpion!
You see here a scorpion corpse.
There is a stone staircase leading up here.
An ogre comes into view. It is wielding a giant club.
The ogre shouts!
Found a runed mace and a runed falchion.
Found an iron altar of Okawaru.
The ogre hits you with a giant club!
You are too injured to fight recklessly!
You are too injured to fight recklessly!
You hit the ogre. You headbutt the ogre!
The ogre is heavily wounded.
The ogre hits you with a giant club!!
Ouch! That really hurt!
You die...

... .. .... #.). #
...##.._ .# # #
#.# #..#.) ..# .
..#.# #..... ...#
#.#.#.# #...##
...# #.#.#.#
#.O.#...#
#...#.######.@...#
#.......<...####
#.........###
#.........#
###.####### #†#
#....# .........
####.#####


You could see an ogre.

Vanquished Creatures
  2 scorpions
  A hound (D:3)
  An orc wizard (D:4)
  2 worker ants (D:4)
  4 adders
  3 worms (D:2)
  2 dart slugs
  A giant gecko (D:1)
  9 orcs
  2 ball pythons
  6 bats
  5 giant cockroaches
  11 hobgoblins
  9 jackals
  6 kobolds
  A quokka (D:4)
  5 giant newts
  A goblin (D:1)
  7 rats
78 creatures vanquished.

Notes
Turn   | Place    | Note
-------+----------+-------------------------------------------
     0 | D:1      | George the Demonspawn Gladiator began the quest for the Orb.
     0 | D:1      | Reached XP level 1. HP: 16/16 MP: 1/1
   281 | D:1      | Reached skill level 3 in Long Blades
   357 | D:1      | Gained mutation: You regenerate a little health from kills. [demonic ancestry]
   357 | D:1      | Reached XP level 2. HP: 22/22 MP: 2/2
   873 | D:2      | Gained mutation: You are immune to rotting. [demonic ancestry]
   873 | D:2      | Reached XP level 3. HP: 26/27 MP: 3/3
  1043 | D:2      | HP: 1/27 [worm (10)]
  1439 | D:2      | Reached skill level 4 in Long Blades
  2151 | D:2      | Reached XP level 4. HP: 33/33 MP: 4/4
  2286 | D:3      | Found a bloodstained altar of Trog.
  2773 | D:3      | Reached skill level 5 in Long Blades
  2778 | D:3      | Found a burning altar of Makhleb.
  3259 | D:4      | Gained mutation: You have a pair of small horns on your head. [demonic ancestry]
  3259 | D:4      | Reached XP level 5. HP: 33/38 MP: 5/5
  3739 | D:4      | Reached skill level 6 in Long Blades
  4072 | D:4      | Reached XP level 6. HP: 28/44 MP: 6/6
  4112 | D:5      | Entered Level 5 of the Dungeon
  4135 | D:5      | Found an iron altar of Okawaru.
  4138 | D:5      | Mangled by an ogre

Vault maps used:
D:1:      lemuel_arrival_hallway, serial_corexii_hall, corexii_hall_statues_s,
          corexii_hall_statues_i
D:3:      makhleb_blood_cavern_becter, bloody_trog, first_bread
D:4:      minivault_19, minmay_bisected
D:5:      overflow_temple_1_default, grunt_gozag_breadcrumbs,
          portal_sewer_entry_a, okawaru_ov_weapons_minmay

Skill      XL: |  1  2  3  4  5 |
---------------+----------------+-----
Long Blades    | 3 4 5 6 |  6.5
Fighting       | |  2.0
Throwing       | |  1.7
Dodging        | |  2.6

Action                   |  1- 3 |  4- 6 || total
-------------------------+-------+-------++-------
Melee: Long sword        |   147 |   169 ||   316
       Headbutt          |       |    17 ||    17
 Stab: Sleeping          |     1 |       ||     1
  Eat: Chunk             |     4 |     6 ||    10
Armor: Leather armour    |    25 |       ||    25
       Chain mail        |     3 |    86 ||    89
Dodge: Dodged            |    68 |    58 ||   126
